 Dungeon Crawl Stone Soup version 0.20.0-15-g7f486f2 (webtiles) character file.

103263 fili the Warrior (level 16, -6/261 HPs)
             Began as a Gargoyle Berserker on June 19, 2017.
             Was a High Priest of Trog.
             Mangled by a guardian serpent (7 damage)
             ... on level 4 of the Snake Pit on June 20, 2017.
             The game lasted 03:53:03 (34829 turns).

fili the Warrior (Gargoyle Berserker)              Turns: 34829, Time: 03:53:04

Health: -6/261     AC: 28    Str: 31    XL:     16   Next: 35%
Magic:  5/5        EV: -1    Int: 10    God:    Trog [*****.]
Gold:   1655       SH:  0    Dex:  9    Spells: 15/15 levels left

rFire    x . .     SeeInvis .   a - +4 great mace (antimagic)
rCold    + . .     Gourm    .   (shield currently unavailable)
rNeg     + + +     Faith    .   (armour currently unavailable)
rPois    ∞         Spirit   .   (helmet currently unavailable)
rElec    .         Reflect  .   (cloak currently unavailable)
rCorr    .         Harm     .   (gloves currently unavailable)
MR       ++++.     NoTele   +   (boots currently unavailable)
Stlth    ..........             (no amulet)
Regen    1.6/turn               y - ring of ice
MPRegen  0.1/turn               w - +3 ring of evasion

@: berserking (expiring), tree-form, regenerating, constricted, very quick
A: magic resistance 1, negative energy resistance 1, petrification resistance,
rot immunity, AC +11
a: Berserk, Trog's Hand, Brothers in Arms, Burn Spellbooks, Renounce Religion


You were on level 4 of the Snake Pit.
You worshipped Trog.
Trog was extremely pleased with you.
You were not hungry.
You were a tree.
You visited 4 branches of the dungeon, and saw 22 of its levels.

You collected 2266 gold pieces.
You spent 611 gold pieces at shops.

Inventory:

Hand Weapons
 a - a +4 antimagic great mace (weapon)
 b - a +0 shortbow
 i - a +3 arbalest
Missiles
 p - 153 arrows
 N - 78 bolts
Armour
 g - a +2 scale mail of magic resistance
 j - a +1 cloak (melded)
 m - the +1 chain mail of Wadinaof (melded) {+Blink rN++ SInv}
   (You bought it in a shop on level 2 of the Orcish Mines)

   It greatly protects you from negative energy.
   It lets you see invisible.
   It lets you blink.
 z - a +1 pair of gloves (melded)
 O - a +1 plate armour of fire resistance
 P - a +2 hat (melded)
Jewellery
 l - an uncursed ring of fire
 w - a +3 ring of evasion (right branch)
 y - a ring of ice (left branch)
 G - an uncursed ring of ice
Wands
 e - a wand of iceblast (0/15)
 h - a wand of disintegration (1/24)
 o - a wand of random effects (24/48)
 v - a wand of confusion (26/48)
 C - a wand of lightning (3/15)
 I - a wand of acid (12/15)
 K - a wand of clouds (1/9)
 T - a wand of polymorph (11/24)
 U - a wand of digging (17/24)
 W - a wand of iceblast (0/15)
Scrolls
 n - 9 scrolls of identify
 q - 5 scrolls of teleportation
 r - 5 scrolls of recharging
 s - a scroll of silence
 B - a scroll of magic mapping
 H - a scroll of immolation {unknown}
 J - 3 scrolls of remove curse
 L - a scroll of blinking
 M - a scroll of enchant weapon
Potions
 d - 3 potions of haste
 t - 3 potions of lignification
 A - 3 potions of brilliance
 D - 3 potions of might
 F - 2 potions of cancellation
 Q - 3 potions of agility
 S - 2 potions of berserk rage
Books
 X - a book of Power

   Spells                             Type                      Level
   a - Iskenderun's Battlesphere      Conjuration/Charms           5
   b - Venom Bolt                     Conjuration/Poison           5
   c - Bolt of Magma                  Conjuration/Fire/Earth       5
   d - Iron Shot                      Conjuration/Earth            6
   e - Orb of Destruction             Conjuration                  7
   f - Spellforged Servitor           Conjuration/Summoning        7
   Trog disapproves of the use of such an item.
 Y - a book of Power

   Spells                             Type                      Level
   a - Iskenderun's Battlesphere      Conjuration/Charms           5
   b - Venom Bolt                     Conjuration/Poison           5
   c - Bolt of Magma                  Conjuration/Fire/Earth       5
   d - Iron Shot                      Conjuration/Earth            6
   e - Orb of Destruction             Conjuration                  7
   f - Spellforged Servitor           Conjuration/Summoning        7
   Trog disapproves of the use of such an item.
Miscellaneous
 k - a phantom mirror
Comestibles
 c - 15 bread rations
 f - 7 meat rations


   Skills:
 * Level 18.4 Fighting
 * Level 17.8 Maces & Flails
 - Level 11.8 Armour
 * Level 6.8 Dodging


You had 15 spell levels left.
You didn't know any spells.

Dungeon Overview and Level Annotations

Branches:
Dungeon (10/15)            Temple (0/1) D:6            Lair (6/6) D:10
  Swamp (0/4) Lair:3        Snake (4/4) Lair:2        Slime (0/5) Lair:6
    Orc (2/2) D:10            Elf (0/3) Orc:2

Altars:
Cheibriados
Fedhas
Nemelex Xobeh
Qazlal
Sif Muna
Trog
Vehumet
Xom
Zin
The Shining One
Beogh
Jiyva

Shops:
D:4 %   D:10 =   Orc:2 ([!!   Snake:1 ([((   Snake:2 *

Annotations:
D:6 5 runed doors


Innate Abilities, Weirdness & Mutations

You are resistant to torment.
((Your stone body is resilient. (AC +11)))
You are immune to poison.
((Your large and strong wings let you fly indefinitely.))
You resist negative energy. (rN+)
((You are resistant to electric shocks. (rElec)))
((You can survive without breathing.))
You are immune to petrification.
You are immune to rotting.
((You have sharp fingernails.))
You are resistant to hostile enchantments. (MR+)


Message History

The salamander hits you from afar with a halberd of venom.
* * * LOW HITPOINT WARNING * * *
You are engulfed in flames!!
The fire burns you terribly!
* * * LOW HITPOINT WARNING * * *
The guardian serpent hits you but does no damage.
The nagaraja hits you but does no damage.
You closely miss the guardian serpent.
The black mamba bites you but does no damage.
The guardian serpent hits you but does no damage.
The nagaraja hits you with a halberd!!
* * * LOW HITPOINT WARNING * * *
The nagaraja barely misses you.
The nagaraja hits you but does no damage. x2
The nagaraja grabs you.
The nagaraja constricts you. 2 nagas and a guardian serpent come into view.
You bludgeon the guardian serpent!!
The guardian serpent's magic leaks into the air.
The guardian serpent is heavily wounded.
The guardian serpent hits you!
You die... ##S #.. ..
N. ##N #SS

###S###
####.NN♣S####
.##.....SNNNS.##...
#[....N.NNNN....#
......N..NN......#
..N.......?......#
N.................#
..................#
.......<.<.........
......#####.......#


You could see a naga warrior, 6 nagarajas, a naga sharpshooter, a salamander, a
naga ritualist, 6 guardian serpents, a black mamba and 6 nagas.

Vanquished Creatures
  2 nagarajas
  Aizul (Snake:3)
  A stone giant (Orc:1)
  The ghost of vishdafish the Blocker, a journeyman GrFi (Snake:2)
  Josephine (Lair:5)
  A fire dragon (Lair:6)
  Fannar (D:10)
  4 naga warriors
  6 hydras
  2 anacondas
  Erica (D:8)
  14 two-headed ogres
  2 ogre magi (Orc:2)
  10 death yaks
  6 shock serpents
  5 naga sharpshooters (Snake:1)
  The ghost of Azzok the Fighter, a novice CeFi of Okawaru (D:8)
  3 naga ritualists
  A wolf spider (Lair:6)
  2 orc knights
  3 salamanders
  5 elephants
  An orc sorcerer (Orc:1)
  Maurice (D:8)
  25 black mambas
  Psyche (D:8)
  6 naga magi
  7 rime drakes
  17 spiny frogs
  7 komodo dragons
  A tengu conjurer (D:10)
  2 hornets
  7 hippogriffs
  9 blink frogs
  A redback (Lair:6)
  10 wyverns
  5 wraiths
  67 yaks
  A basilisk (Lair:2)
  A hungry ghost (D:9)
  A steam dragon (Lair:6)
  6 vampire mosquitoes
  7 swamp worms
  2 insubstantial wisps (Lair:3)
  An acid dragon (Lair:6)
  18 nagas
  7 wargs
  16 water moccasins
  13 porcupines
  16 orc warriors
  5 ice beasts
  4 sky beasts
  A necrophage (D:5)
  A phantom (D:6)
  24 ogres
  4 wolves (Lair:2)
  19 crocodiles
  3 centaurs
  16 bullfrogs
  A big kobold (D:7)
  3 scorpions
  3 killer bees (D:10)
  4 wights
  An electric eel (Lair:5)
  A howler monkey (D:7)
  2 bullfrog zombies
  2 crimson imps
  A centaur zombie (D:8)
  5 hounds
  3 jellies
  2 centaur skeletons (D:8)
  15 orc priests
  17 orc wizards
  3 iguanas
  7 worker ants
  A hound skeleton (D:5)
  A worker ant zombie (D:8)
  A howler monkey skeleton (D:7)
  13 adders
  6 gnolls
  A shadow imp (D:9)
  12 white imps (Orc:1)
  An ooze (D:1)
  An adder skeleton (D:5)
  16 worms
  5 dart slugs
  7 leopard geckos
  68 orcs
  5 bats
  10 giant cockroaches
  6 goblins
  5 hobgoblins
  2 jackals (D:4)
  3 quokkas
  7 frilled lizards
  A giant cockroach zombie (D:5)
  13 kobolds
  3 leopard gecko skeletons
  8 rats
  A plant (Lair:6)
673 creatures vanquished.

Vanquished Creatures (collateral kills)
  2 ogre magi (Orc:2)
  3 hydras
  5 two-headed ogres (Orc:2)
  A swamp dragon (Lair:6)
  A guardian serpent (Lair:6)
  A naga mage (Snake:3)
  3 black mambas (Snake:2)
  2 spiny frogs (Lair:6)
  A troll (Orc:2)
  A slime creature (Lair:6)
  A wyvern (Lair:6)
  A steam dragon (Lair:6)
  A redback (Lair:6)
  A naga (Snake:3)
  7 ogres (Orc:2)
  A crocodile (Lair:6)
32 creatures vanquished.

Vanquished Creatures (others)
  A phantom (D:5)
  24 fungi
  38 plants
63 creatures vanquished.

Grand Total: 768 creatures vanquished

Notes
Turn   | Place    | Note
-------+----------+-------------------------------------------
     0 | D:1      | fili the Gargoyle Berserker began the quest for the Orb.
     0 | D:1      | Reached XP level 1. HP: 14/14 MP: 1/1
   178 | D:1      | Reached XP level 2. HP: 19/19 MP: 2/2
   711 | D:1      | Reached skill level 4 in Fighting
   779 | D:1      | Reached XP level 3. HP: 16/24 MP: 3/3
  1513 | D:2      | Found a stormy altar of Qazlal.
  1520 | D:2      | Found a blossoming altar of Fedhas.
  1520 | D:2      | Found a radiant altar of Vehumet.
  1521 | D:2      | Found a deep blue altar of Sif Muna.
  1522 | D:2      | Found a snail-covered altar of Cheibriados.
  1524 | D:2      | Found a sparkling altar of Nemelex Xobeh.
  1554 | D:2      | Reached ** piety under Trog
  1786 | D:2      | Reached XP level 4. HP: 30/30 MP: 4/4
  2337 | D:3      | Reached skill level 5 in Fighting
  2623 | D:3      | Reached XP level 5. HP: 35/35 MP: 5/5
  2785 | D:4      | Found Fudiybia's Food Shop.
  3029 | D:4      | Reached skill level 6 in Fighting
  3064 | D:4      | Reached XP level 6. HP: 34/42 MP: 6/6
  3393 | D:4      | Gained mutation: You are resistant to hostile enchantments. (MR+) [potion of mutation]
  3393 | D:4      | Gained mutation: You have sharp fingernails. [potion of mutation]
  3398 | D:5      | Entered Level 5 of the Dungeon
  3431 | D:5      | Reached skill level 7 in Fighting
  3709 | D:5      | Noticed a necrophage
  3722 | D:5      | Killed a necrophage
  3722 | D:5      | Reached skill level 5 in Maces & Flails
  3722 | D:5      | Reached XP level 7. HP: 41/48 MP: 7/7
  4283 | D:5      | Reached skill level 8 in Fighting
  4712 | D:5      | Reached XP level 8. HP: 40/55 MP: 8/8
  4911 | D:6      | Found a staircase to the Ecumenical Temple.
  4923 | D:6      | Found a runed gate.
  4940 | D:6      | Found a runed door.
  4956 | D:6      | Found a runed door.
  5069 | D:6      | Found a runed gate.
  5080 | D:6      | Found a runed gate.
  5645 | D:6      | Reached *** piety under Trog
  6405 | D:6      | Reached skill level 9 in Fighting
  6850 | D:7      | Found a glowing golden altar of the Shining One.
  7252 | D:7      | Reached XP level 9. HP: 49/61 MP: 9/9
  8317 | D:8      | Noticed Psyche
  8322 | D:8      | Paralysed by Psyche for 7 turns
  8340 | D:8      | Killed Psyche
  8340 | D:8      | Reached skill level 5 in Armour
  8368 | D:8      | Noticed Azzok's ghost (novice CeFi)
  8501 | D:7      | Reached skill level 10 in Fighting
  9279 | D:8      | Reached **** piety under Trog
  9382 | D:8      | Noticed Maurice
  9384 | D:8      | Noticed Erica
  9525 | D:8      | Killed Azzok's ghost
  9525 | D:8      | Reached XP level 10. HP: 19/68 MP: 10/10
  9960 | D:8      | Killed Maurice
 10149 | D:7      | Reached skill level 10 in Maces & Flails
 10824 | D:8      | Killed Erica
 11345 | D:9      | Reached skill level 11 in Fighting
 11459 | D:9      | Reached ***** piety under Trog
 11757 | D:9      | Noticed a two-headed ogre
 11767 | D:9      | Killed a two-headed ogre
 11987 | D:9      | Reached XP level 11. HP: 66/74 MP: 11/11
 11997 | D:9      | Noticed a two-headed ogre
 12015 | D:9      | Killed a two-headed ogre
 12248 | D:9      | Noticed a two-headed ogre
 13214 | D:9      | Found a glowing silver altar of Zin.
 13526 | D:9      | Killed a two-headed ogre
 13541 | D:9      | Received a gift from Trog
 14228 | D:10     | Entered Level 10 of the Dungeon
 14345 | D:10     | Found Ampezoys's Jewellery Shoppe.
 14366 | D:10     | Reached skill level 12 in Fighting
 14537 | D:10     | Found a staircase to the Orcish Mines.
 14589 | D:10     | Found a staircase to the Lair.
 14604 | D:10     | Noticed a two-headed ogre
 14610 | D:10     | Killed a two-headed ogre
 15146 | Lair:1   | Entered Level 1 of the Lair of Beasts
 15472 | Lair:1   | Reached XP level 12. HP: 82/82 MP: 4/12
 16002 | Lair:2   | Noticed a five-headed hydra
 16040 | Lair:2   | Found a staircase to the Snake Pit.
 16598 | Lair:2   | Reached skill level 10 in Armour
 16609 | Lair:2   | Reached skill level 13 in Fighting
 17341 | Lair:3   | Noticed an eight-headed hydra
 17951 | Lair:3   | Found a staircase to the Swamp.
 18265 | Lair:3   | Noticed a five-headed hydra
 18281 | Lair:3   | Killed a five-headed hydra
 18321 | Lair:3   | Killed an eight-headed hydra
 18321 | Lair:3   | Reached XP level 13. HP: 74/89 MP: 4/13
 18827 | Lair:3   | Reached skill level 14 in Fighting
 21624 | Lair:4   | Reached skill level 15 in Fighting
 21715 | Lair:5   | Noticed Josephine
 21769 | Lair:4   | Reached skill level 15 in Maces & Flails
 22607 | Lair:5   | Killed Josephine
 22607 | Lair:5   | Gained mutation: Your large and strong wings let you fly indefinitely. [Gargoyle growth]
 22607 | Lair:5   | Reached XP level 14. HP: 87/98 MP: 4/14
 23149 | Lair:5   | Received a gift from Trog
 23411 | Lair:6   | Entered Level 6 of the Lair of Beasts
 24133 | Lair:6   | Found a staircase to the Slime Pits.
 24134 | Lair:6   | Found a viscous altar of Jiyva.
 24466 | Lair:6   | Reached skill level 16 in Fighting
 25341 | Lair:6   | Received a gift from Trog
 26595 | Orc:1    | Entered Level 1 of the Orcish Mines
 26734 | Orc:1    | Noticed Fannar
 26780 | D:10     | Killed Fannar
 27320 | Orc:1    | Reached XP level 15. HP: 105/105 MP: 5/15
 27617 | Orc:1    | Found a roughly hewn altar of Beogh.
 28070 | Orc:2    | Entered Level 2 of the Orcish Mines
 28619 | Orc:2    | Reached skill level 17 in Fighting
 29376 | Orc:2    | Found Taoffiugh's Distillery.
 29376 | Orc:2    | Found Gaquen's Armour Emporium.
 29377 | Orc:2    | Found Vuloj's Distillery.
 29377 | Orc:2    | Found Vimno's Weapon Boutique.
 29392 | Orc:2    | Found a staircase to the Elven Halls.
 29468 | Orc:1    | Reached skill level 5 in Dodging
 29716 | Orc:2    | Bought the +1 chain mail of Wadinaof {+Blink rN++ SInv} for 611 gold pieces
 30122 | Snake:1  | Entered Level 1 of the Snake Pit
 30122 | Snake:1  | Found Gimom's Weapon Shoppe.
 30125 | Snake:1  | Found Dealucep's Antique Weapon Shoppe.
 30125 | Snake:1  | Found Wiparuat's Antique Weapon Shoppe.
 30555 | Snake:1  | Found Okhlocue's Antique Armour Shoppe.
 30596 | Snake:1  | Found a shimmering altar of Xom.
 30623 | Snake:1  | Received a gift from Trog
 31082 | Snake:1  | Found a bloodstained altar of Trog.
 32101 | Snake:2  | Noticed vishdafish's ghost (journeyman GrFi)
 32550 | Snake:2  | Killed vishdafish's ghost
 32550 | Snake:2  | Reached skill level 18 in Fighting
 32840 | Snake:2  | Reached XP level 16. HP: 89/114 MP: 5/16
 33333 | Snake:2  | Found Jyofeen's Assorted Antiques.
 33732 | Snake:3  | Noticed a nagaraja
 33750 | Snake:3  | Killed a nagaraja
 34064 | Snake:3  | Noticed Aizul
 34083 | Snake:3  | Killed Aizul
 34766 | Snake:4  | Entered Level 4 of the Snake Pit
 34766 | Snake:4  | Noticed a nagaraja
 34766 | Snake:4  | Noticed a nagaraja
 34766 | Snake:4  | Noticed a nagaraja
 34810 | Snake:4  | Noticed a nagaraja
 34810 | Snake:4  | Noticed a nagaraja
 34816 | Snake:4  | Noticed a nagaraja
 34817 | Snake:4  | Noticed a nagaraja
 34823 | Snake:4  | Noticed a nagaraja
 34826 | Snake:4  | Killed a nagaraja
 34828 | Snake:4  | HP: 1/261 [nagaraja/halberd (19)]
 34829 | Snake:4  | Mangled by a guardian serpent

Skill      XL: |  1  2  3  4  5  6  7  8  9 10 11 12 13 14 15 |
---------------+----------------------------------------------+-----
Fighting       | 4 5 6 7 8 9 10 11 12 13 15 16 18 | 18.4
Maces & Flails | 4 5 7 9 11 12 14 15 16 17 | 17.8
Armour         | 4 6 7 9 10 11 | 11.8
Dodging        | 4 6 |  6.8

Action                   |  1- 3 |  4- 6 |  7- 9 | 10-12 | 13-15 | 16-18 || total
-------------------------+-------+-------+-------+-------+-------+-------++-------
Melee: Mace              |   109 |   200 |   455 |   418 |       |       ||  1182
       Great mace        |       |       |       |   358 |  1185 |   134 ||  1677
 Fire: Shortbow          |       |       |    63 |   139 |   153 |    15 ||   370
Throw: Javelin           |       |       |       |       |     2 |       ||     2
Invok: Trog's Hand       |       |       |     2 |     4 |     2 |     3 ||    11
       Berserk           |       |       |     2 |     9 |     4 |     2 ||    17
       Burn Spellbooks   |       |       |       |     1 |     1 |       ||     2
       Brothers in Arms  |       |       |       |     3 |    10 |     2 ||    15
 Abil: Evoke Blink       |       |       |       |       |       |     2 ||     2
Evoke: Wand              |       |       |     1 |     6 |     7 |     1 ||    15
  Use: Potion            |     3 |     5 |     2 |       |     4 |     1 ||    15
       Scroll            |     2 |     4 |     6 |     3 |    10 |     2 ||    27
 Stab: Distracted        |       |       |     1 |       |       |       ||     1
       Invisible         |       |       |     1 |       |       |       ||     1
  Eat: Chunk             |     3 |     6 |    17 |    32 |    38 |     2 ||    98
       Royal jelly       |       |       |     1 |     1 |     2 |     4 ||     8
       Fruit             |       |       |     2 |     7 |    18 |       ||    27
Armor: Animal skin       |    26 |       |       |       |       |       ||    26
       Ring mail         |    18 |   110 |    92 |       |       |       ||   220
       Plate armour      |       |       |   186 |   508 |   856 |       ||  1550
       Scale mail        |       |       |       |   134 |       |       ||   134
       Chain mail        |       |       |       |       |   155 |    99 ||   254
       Skin              |       |       |       |       |       |    53 ||    53
Dodge: Dodged            |    72 |   113 |   223 |   323 |   561 |   117 ||  1409
Block: Shield            |       |     5 |    11 |       |       |       ||    16
